Map: Ley Lines

Players

Claw - Winner!

  • Race: Zerg Zerg
  • League: Master
  • Spawn Location: 1:00

I.A. 1 (Muito fácil)

  • Race: Protoss Protoss
  • Spawn Location: 7:00

VOD

Have the link to the VOD?

Description

Time

  • Played on: Sept. 23, 2025, 1:45 p.m.
  • Length: 9:59
Show
View Real Time Build Order
Export as new Build Order

Claw Zerg - Winner!

Build Orders: Hatch First, Roach Hydra 

Get SALT Encoding   

  12  0:00  Drone  
  13  0:09  Drone  
  14  0:14  Extractor  
  14  0:15  Drone  
  15  0:22  Overlord  
  15  0:41  Drone  
  16  0:49  Hatchery  
  15  0:52  Drone  
  16  0:57  Drone  
  16  0:58  Drone  
  18  1:12  Extractor  
  18  1:14  Spawning Pool  
  18  1:17  Drone  
  17  1:20  Drone  
  18  1:26  Drone  
  19  1:38  Drone  
  20  1:50  Overlord  
  20  2:05  Queen x2  
  20  2:06  Zergling x2  
  20  2:08  Drone  
  26  2:15  Metabolic Boost  
  26  2:27  Hatchery  
  25  2:32  Drone  
  25  2:35  Zergling x2  
  27  2:38  Drone  
  27  2:39  Drone  
  27  2:41  Drone  
  30  2:51  Queen  
  30  2:56  Drone x2  
  34  3:02  Overlord  
  34  3:08  Drone x2  
  36  3:15  Overlord  
  36  3:21  Queen  
  36  3:23  Drone  
  36  3:24  Drone  
  36  3:27  Drone  
  41  3:31  Drone x2  
  41  3:32  Drone  
  44  3:43  Spore Crawler  
  44  3:44  Spore Crawler  
  44  3:48  Drone x2  
  44  3:49  Drone  
  44  3:52  Queen  
  47  3:56  Drone x2  
  49  4:05  Drone x2  
  49  4:06  Drone x3  
  54  4:11  Overlord  
  54  4:20  Roach Warren  
  53  4:25  Drone x2  
  53  4:27  Evolution Chamber  
  54  4:32  Drone x8  
  62  4:41  Overlord x2  
  62  4:44  Drone x4  
  66  4:45  Spore Crawler  
  66  4:52  Zerg Melee Weapons Level 1  
  65  4:54  Drone  
  66  5:03  Lair  
  66  5:06  Extractor  
  65  5:07  Extractor  
  65  5:09  Hatchery, Extractor, Roach x4  
  65  5:10  Extractor  
  69  5:24  Drone x2  
  69  5:25  Drone  
  69  5:27  Drone x2  
  69  5:28  Drone  
  75  5:29  Roach x3  
  75  5:35  Drone  
  82  5:38  Overlord x4  
  82  5:51  Overlord  
  81  5:57  Drone x2  
  81  5:58  Drone x2  
  81  5:59  Drone x2  
  81  6:01  Glial Reconstitution  
  81  6:02  Roach x4  
  95  6:09  Roach  
  97  6:13  Roach x4  
  105  6:21  Roach x4  
  105  6:23  Overlord x3  
  113  6:27  Extractor  
  113  6:29  Drone x2  
  114  6:33  Overseer x2  
  114  6:42  Roach x8  
  130  6:48  Roach x3  
  130  6:52  Overlord  
  136  6:55  Zerg Missile Weapons Level 1  
  136  7:08  Roach x7  
  140  7:10  Overlord x3  
  150  7:20  Hydralisk Den  
  150  7:22  Overlord x3  
  149  7:26  Drone x10  
  159  7:46  Drone x5  
  159  7:47  Drone x3  
  159  7:49  Spore Crawler  
  159  7:50  Grooved Spines  
  166  7:52  Hydralisk  
  166  7:53  Hydralisk x5  
  178  7:59  Infestation Pit  
  178  8:05  Hydralisk x5  
  187  8:19  Hydralisk  
  187  8:20  Hydralisk x5  
  187  8:26  Pneumatized Carapace  
  199  8:40  Muscular Augments, Hive  
  199  8:50  Lurker Den  
  198  9:08  Hatchery x2  
  196  9:15  Hatchery  
Show
View Real Time Build Order
Export as new Build Order

I.A. 1 (Muito fácil) Protoss 

Build Orders:  

Get SALT Encoding   

  12  0:00  Probe  
  13  0:13  Probe  
  14  0:19  Pylon  
  14  0:36  Assimilator  
  14  0:43  Gateway  
  14  0:46  Pylon  
  14  1:13  Assimilator  
  14  1:18  Probe  
  15  1:26  Probe  
  16  1:32  Cybernetics Core  
  16  1:34  Probe  
  17  1:45  Probe  
  18  1:56  Probe  
  18  1:58  Warp Gate  
  19  2:04  Probe  
  19  2:06  Stalker  
  22  4:12  Probe  
  22  5:20  Zealot  
  24  5:22  Probe  
  24  5:23  Pylon  
  24  5:25  Robotics Facility  
  25  5:34  Probe  
  26  5:46  Probe  
  25  5:58  Probe  
  25  6:02  Pylon  
  26  6:10  Probe  
  27  6:11  Zealot, Observer  
  30  6:21  Probe  
  29  6:29  Observer  
  31  7:02  Stalker  
  33  7:13  Nexus  
  33  8:25  Probe  
  34  8:32  Probe  
  34  8:34  Assimilator  
  35  8:37  Probe, Assimilator  
  36  8:44  Probe  
  37  8:55  Probe  
  38  9:03  Probe  
  39  9:10  Probe  
  40  9:22  Stalker  
  40  9:23  Probe  
  24  9:31  Probe  
  23  9:39  Probe  
  23  9:42  Pylon  
Tags
 
Composition
Roach Hydra
League
Master
Matchup
PvZ
Spawn Locations
Cross Positions
Add a new tag
Caveats
  • Supply blocks, unpowered buildings, or Contaminate may cause inaccurate times.
  • Supply counts are checked every 10 seconds.